 Dungeon Crawl Stone Soup version 0.28-a0-1555-g9ae15a6949 (webtiles) character file.

Game seed: 11444049187514999285

170 buddhastalin the Cutter (level 5, -3/33 HPs)
             Began as a Kobold Fighter on Jan 19, 2022.
             Slain by a gnoll (8 damage)
             ... on level 3 of the Dungeon.
             The game lasted 00:04:08 (3182 turns).

buddhastalin the Cutter (Kobold Fighter)            Turns: 3182, Time: 00:04:08

Health: -3/33      AC:  7    Str: 21    XL:     5   Next: 80%
Magic:  5/5        EV: 15    Int:  9    God:
Gold:   111        SH:  8    Dex: 15    Spells: 4/4 levels left

rFire   . . .      SeeInvis .   c - +0 long sword
rCold   . . .      Faith    .   n - +2 buckler
rNeg    . . .      Spirit   .   b - +0 scale mail
rPois   .          Reflect  .   (no helmet)
rElec   .          Harm     .   (no cloak)
rCorr   .          Rampage  .   q - +0 pair of gloves
Will    .....                   (no boots)
Stlth   +.........              (no amulet)
HPRegen 0.11/turn               i - +6 ring of strength
MPRegen 0.09/turn               p - +4 ring of evasion

@: no status effects
A: small, no large weapons, nightstalker 3
a: no special abilities


You were on level 3 of the Dungeon.
You visited 1 branch of the dungeon, and saw 3 of its levels.

You collected 111 gold pieces.

Inventory:

Hand Weapons
 a - a +0 rapier
 c - a +0 long sword (weapon)
Armour
 b - a +0 scale mail (worn)
 n - a +2 buckler (worn)
 q - a +0 pair of gloves (worn)
Jewellery
 i - a +6 ring of strength (left hand)
 p - a +4 ring of evasion (right hand)
Wands
 d - a wand of iceblast (11)
Scrolls
 e - a scroll of enchant armour {unknown}
 h - a scroll of fog {unknown}
 j - a scroll of summoning {unknown}
 k - a scroll of teleportation {unknown}
 m - a scroll of identify {unknown}
 r - a scroll of immolation {unknown}
Potions
 f - a potion of curing {unknown}
 g - a potion of haste {unknown}
 l - a potion of lignification {unknown}
 o - a potion of invisibility {unknown}


   Skills:
 + Level 4.1 Fighting
 - Level 4.6(4.8) Short Blades
 * Level 0.8(2.0) Long Blades
 + Level 3.1 Armour
 + Level 3.1 Shields


You had 4 spell levels left.
You didn't know any spells.
Your spell library contained the following spells:

 Spells                   Type           Power      Damage    Failure   Level
 Foxfire                  Conj/Fire      0%         2x1d4     86%         1
 Conjure Flame            Conj/Fire      0%         6-21      99%         3
 Inner Flame              Hex/Fire       0%         N/A       99%         3
 Flame Wave               Conj/Fire      0%         2d4       100%        4


Dungeon Overview and Level Annotations

Branches:
Dungeon (3/15)

Altars:
Qazlal

Shops:
D:2 *


Innate Abilities, Weirdness & Mutations

You are small and have problems with some larger weapons.
You are completely attuned to the shadows.


Message History

a +0 short sword; 3 stones
r - a scroll labelled SIDOUH WUQUI A gnoll comes into view.
It is wielding a +0 flail.
The gnoll shouts!
You hear a shout! x3
A gnoll comes into view. It is wielding a +0 spear.
The gnoll misses you. The gnoll closely misses you.
You slash the gnoll!
The gnoll is almost dead.
The gnoll hits you with a +0 flail. The gnoll barely misses you.
The gnoll completely misses you.
You closely miss the gnoll.
The gnoll is almost dead.
The gnoll misses you. The gnoll closely misses you.
You barely miss the gnoll.
The gnoll is almost dead.
The gnoll hits you from afar with a +0 spear.
The gnoll hits you with a +0 flail. The gnoll closely misses you.
You block the gnoll's attack.
You barely miss the gnoll.
The gnoll is almost dead.
You block the gnoll's attack. The gnoll barely misses you.
You hit the gnoll but do no damage.
The gnoll is almost dead.
You block the gnoll's attack. The gnoll barely misses you.
You closely miss the gnoll.
The gnoll is almost dead.
You block the gnoll's attack. The gnoll hits you with a +0 flail!
The gnoll closely misses you. The gnoll misses you.
You are too injured to fight recklessly!
You are too injured to fight recklessly!
You slash the gnoll!
You kill the gnoll!
You block the gnoll's attack.
A gnoll comes into view. It is wielding a +0 spear.
You block the gnoll's attack.
You see here a +0 flail.
You closely miss the gnoll. The gnoll hits you with a +0 spear!
* * * LOW HITPOINT WARNING * * *
You closely miss the gnoll. The gnoll hits you with a +0 spear!
You die...

#..##..# #..##..#
#..##..## #..)......#
#.###..#... #.#
#...#.# #.# #......
#.# #..#. #@# .. #g#
#.# #g# #.##### #.# #
#.....# ##.##
#.##..#..####
##...###.##.###.....
##............#..####
#.......(........#
#..............###


You could see 2 gnolls.

Vanquished Creatures
  Ijyb (D:3)
  Terence (D:3)
  2 gnolls
  3 adders
  2 worms
  An orc (D:3)
  2 bats
  4 endoplasms
  5 giant cockroaches
  5 goblins
  3 hobgoblins
  10 jackals
  5 quokkas
  7 ball pythons
  8 kobolds
  4 rats
63 creatures vanquished.

Notes
Turn   | Place    | Note
-------+----------+-------------------------------------------
     0 | D:1      | buddhastalin the Kobold Fighter began the quest for the
                  | Orb.
     0 | D:1      | Reached XP level 1. HP: 14/14 MP: 1/1
   203 | D:1      | Reached XP level 2. HP: 19/19 MP: 2/2
  1060 | D:1      | Found a faded altar of an unknown god.
  1081 | D:1      | Reached XP level 3. HP: 23/23 MP: 3/3
  1746 | D:2      | Reached XP level 4. HP: 23/29 MP: 4/4
  1891 | D:2      | Found Ydwony's Assorted Antiques.
  2515 | D:3      | Noticed Ijyb
  2534 | D:3      | Killed Ijyb
  2535 | D:3      | Reached XP level 5. HP: 14/33 MP: 5/5
  2919 | D:3      | Noticed Terence
  2925 | D:3      | Killed Terence
  3017 | D:3      | Found a stormy altar of Qazlal.
  3182 | D:3      | Slain by a gnoll

Illustrated notes

Levels and vault maps discovered:
D:1:      giann_horns, layout_basic, shapermc_ecumenical_altar_totnotflames
D:2:      layout_rooms, serial_shops, nicolae_shop_behind_doors, minmay_tall_x
D:3:      layout_loops_ring, overflow_temple_1_default,
          chequers_serial_rivers_small_3, uniq_ijyb, uniq_terence

Skill      XL: |  1  2  3  4  5 |
---------------+----------------+-----
Short Blades   | 3 4 |  4.6
Armour         | 3 |  3.1
Shields        | 3 |  3.1
Fighting       | 4 |  4.1
Long Blades    | |  0.8

Action                   |  1- 3 |  4- 6 || total
-------------------------+-------+-------++-------
Melee: Rapier            |    82 |    69 ||   151
       Long sword        |       |    41 ||    41
  Use: Potion            |       |     1 ||     1
Armor: Scale mail        |    25 |    38 ||    63
Dodge: Dodged            |    37 |    65 ||   102
Block: Buckler           |    12 |    37 ||    49

Table legend: (Time is in decaauts)
 A = Elapsed time spent in this place.
 B = Non-inter-level travel time spent in this place.
 C = Inter-level travel time spent in this place.
 D = Time resting spent in this place.
 E = Time spent auto-exploring this place.
 F = Levels seen in this place.
 G = Mean time per level.
                   A        B        C        D        E       F      G
               +--------+--------+--------+--------+--------+-----+--------+
         Total |   3207 |   3172 |     35 |   1016 |   1706 |   3 | 1069.0 |
       Dungeon |   3207 |   3172 |     35 |   1016 |   1706 |   3 | 1069.0 |
               +--------+--------+--------+--------+--------+-----+--------+

Top non-repeatable levels by time:
     D:1: 1501 daAuts
     D:2: 972 daAuts
     D:3: 733 daAuts
